 Dungeon Crawl Stone Soup version 0.31-a0-355-g57cb03d3e8 (webtiles) character file.

Game seed: 9996158380717335107

149 mopl the Insei (level 5, -3/34 HPs)
             Began as an Octopode Shapeshifter on July 24, 2023.
             Slain by Duvessa
             ... wielding a +8 vampiric short sword
              (12 damage)
             ... on level 4 of the Dungeon.
             The game lasted 00:03:38 (1929 turns).

mopl the Insei (Octopode Shapeshifter)              Turns: 1929, Time: 00:03:41

Health: -3/34      AC:  1    Str: 14    XL:     5   Next: 31%
Magic:  5/5        EV: 14    Int: 10    God:
Gold:   35         SH:  0    Dex: 15    Spells: 4/4 levels left

rFire   . .          .
                       - Unarmed
rCold   . . .        (no shield)
rNeg    . . .        (helmet currently unavailable)
rPois   .            (no amulet)
rElec   .            (no ring)
rCorr   .            (no ring)
SInv    .            (no ring)
Will    .....        (no ring)
Stlth   ++           (no ring)
HPRegen 0.25/turn    (no ring)
MPRegen 0.09/turn    (no ring)
                     (no ring)

%: no passive effects
@: beast-form
A: beast (slay +2), almost no armour, amphibious, 8 rings, camouflage 1,
gelatinous body 1, (nimble swimmer 1), tentacles
a: Begin Untransformation


You were on level 4 of the Dungeon.
You were a hulking beast.
You visited 1 branch of the dungeon, and saw 4 of its levels.

You collected 132 gold pieces.
You spent 97 gold pieces at shops.

Inventory:

Hand Weapons
 r - the +1 spear "Xamiuq" {speed, rElec rC++ Dex-4 Stlth+}
   (You found it on level 3 of the Dungeon)

   Dex:       It affects your dexterity (-4).
   rC:        It greatly protects you from cold.
   rElec:     It insulates you from electricity.
   Stlth:     It makes you more stealthy.
Missiles
 j - 5 poisoned darts (quivered)
Talismans
 b - a beast talisman
Scrolls
 c - a scroll of immolation {unknown}
 d - a scroll of silence {unknown}
 l - 2 scrolls of teleportation {unknown}
 n - a scroll of revelation {unknown}
 o - a scroll of amnesia {unknown}
 q - a scroll of enchant armour {unknown}
 s - a scroll of vulnerability {unknown}
 t - a scroll of fog {unknown}
 w - 2 scrolls of fear {unknown}
 x - a scroll of enchant weapon {unknown}
Potions
 a - a potion of lignification {!q}
 e - a potion of brilliance
 g - a potion of curing
 h - a potion of might {unknown}
 k - a potion of invisibility
 m - 2 potions of degeneration {unknown}
 p - a potion of heal wounds
 u - a potion of berserk rage {unknown}
 v - a potion of haste {unknown}


   Skills:
 + Level 2.0 Fighting
 + Level 2.7 Dodging
 * Level 4.1 Unarmed Combat
 * Level 3.8 Shapeshifting


You had 4 spell levels left.
You didn't know any spells.
Your spell library contained the following spells:

 Spells                   Type           Power      Damage    Failure   Level
 Dazzling Flash           Conj/Hex       0%         N/A       75%         3
 Volatile Blastmotes      Fire/Tloc      0%         2d10      75%         3
 Fireball                 Conj/Fire      0%         3d3       100%        5
 Iskenderun's Battlesphe  Conj           0%         2d6       100%        5
 Conjure Ball Lightning   Conj/Air       0%         3x3d6     100%        6
 Starburst                Conj/Fire      0%         6d3       100%        6
 Orb of Destruction       Conj           0%         9d5       100%        7
 Maxwell's Capacitive Co  Air            0%         ∞         100%        8


Dungeon Overview and Level Annotations

Branches:
Dungeon (4/15)
 Temple: D:4-7

Altars:
Ru
Zin

Shops:
D:2 =(*

Annotations:
D:4 Dowan, Duvessa


Innate Abilities, Weirdness & Mutations

You are a hulking beast.
Your limbs bulge with bestial killing power. (Slay +2)
You cannot wear most types of armour.
You are amphibious.
You can wear up to eight rings at the same time.
Your skin changes colour to match your surroundings (Stealth+).
Your rubbery body absorbs attacks. (AC +1, EV +1)
((You are camouflaged when in or above water. (Stealth+)))
You have tentacles for arms and can constrict up to eight enemies at once.


Message History

Duvessa is lightly wounded.
You constrict Duvessa, but do no damage.
Duvessa hits you with a +8 vampiric short sword!
Duvessa draws strength from your wounds!
You tentacle-slap Duvessa but do no damage.
You constrict Duvessa. Duvessa completely misses you.
You tentacle-slap Duvessa but do no damage.
Duvessa is lightly wounded.
You constrict Duvessa, but do no damage.
Duvessa misses you.
You tentacle-slap Duvessa but do no damage.
Duvessa is lightly wounded.
You constrict Duvessa, but do no damage.
You tentacle-slap Duvessa but do no damage.
You squeeze Duvessa.
Duvessa is moderately wounded.
You constrict Duvessa.
Dowan casts a spell.
Dowan blinks!
Duvessa barely misses you.
You tentacle-slap Duvessa but do no damage.
You squeeze Duvessa.
Duvessa is moderately wounded.
You constrict Duvessa.
Duvessa hits you with a +8 vampiric short sword!
Duvessa draws strength from your wounds!
You completely miss Duvessa.
Duvessa is moderately wounded.
You constrict Duvessa.
Dowan gestures at Duvessa while chanting.
Duvessa seems to speed up.
Duvessa hits you with a +8 vampiric short sword!
* * * LOW HITPOINT WARNING * * *
Duvessa draws strength from your wounds!
It was a potion of curing.
You feel better.
You constrict Duvessa, but do no damage.
Duvessa hits you with a +8 vampiric short sword.
* * * LOW HITPOINT WARNING * * *
Duvessa draws strength from your wounds!
Duvessa hits you with a +8 vampiric short sword!
You die...

.....# #......#
.....# #......#
.....# #......#
.....#########......#
.....'..............#
.....##########.#####
.....<# #.# ......#
#.####### ......#
#.he.e..# ###.#.#
#######.# #.#.# #.#.#
#.#.# #.#.. #.### #.#
#..


You could see Duvessa (fast) and Dowan.

Vanquished Creatures
  Natasha (thrice) (D:3)
  A white imp (D:4)
  A worm (D:3)
  3 dart slugs
  6 bats
  3 endoplasms (D:1)
  6 giant cockroaches
  3 goblins
  4 hobgoblins
  3 jackals (D:3)
  4 quokkas
  5 ball pythons
  4 frilled lizards
  6 kobolds
  6 rats
58 creatures vanquished.

Notes
Turn   | Place    | Note
-------+----------+-------------------------------------------
     0 | D:1      | mopl the Octopode Shapeshifter began the quest for the Orb.
     0 | D:1      | Reached XP level 1. HP: 13/13 MP: 1/1
   161 | D:1      | Found a faded altar of an unknown god.
   204 | D:1      | Prayed at the altar of an unknown god.
   251 | D:1      | Reached XP level 2. HP: 18/18 MP: 2/2
   733 | D:2      | Found Fesil Inn's Weapon Shoppe.
   772 | D:2      | Reached XP level 3. HP: 18/23 MP: 3/3
   781 | D:2      | HP: 1/23 [poisoned by a goblin]
   903 | D:2      | Found Zuanwuex's Jewellery Boutique.
  1066 | D:2      | Found Awkath's Assorted Antiques.
  1072 | D:2      | Bought a fizzy golden potion for 22 gold pieces
  1072 | D:2      | Bought a scroll labelled FUIREOROMO for 25 gold pieces
  1403 | D:3      | Identified the +1 spear "Xamiuq" {speed, rElec rC++ Dex-4
                  | Stlth+}
  1421 | D:3      | Noticed Natasha
  1428 | D:3      | Killed Natasha
  1429 | D:3      | Reached XP level 4. HP: 29/29 MP: 4/4
  1514 | D:3      | Found a sacrificial altar of Ru.
  1619 | D:3      | Noticed Natasha
  1628 | D:3      | Killed Natasha
  1756 | D:3      | Noticed Natasha
  1761 | D:3      | Killed Natasha
  1762 | D:3      | Reached skill level 2 in Fighting
  1762 | D:3      | Reached skill level 4 in Unarmed Combat
  1762 | D:3      | Reached XP level 5. HP: 29/34 MP: 5/5
  1822 | D:2      | Bought a scroll labelled KIK XAYTIEM for 25 gold pieces
  1822 | D:2      | Bought a scroll labelled XIXTO WOUM for 25 gold pieces
  1920 | D:4      | Noticed Duvessa
  1920 | D:4      | Noticed Dowan
  1929 | D:4      | Slain by Duvessa

Illustrated notes

Levels and vault maps discovered:
D:1:      elethiomel_arrival_shortcut, layout_loops_ring,
          hellmonk_ecumenical_altar_heavens_door
D:2:      layout_loops_ring, serial_shops, nicolae_shop_stone,
          nicolae_square_shop, shop
D:3:      layout_basic, nicolae_ru_the_path_less_chosen, uniq_natasha
D:4:      layout_basic, minmay_temple_entry_sparse_star, uniq_blork_the_orc,
          uniq_duvessa, uniq_crazy_yiuf_cottage

Skill      XL: |  1  2  3  4 |
---------------+-------------+-----
Fighting       | 2 |  2.0
Unarmed Combat | 4 |  4.1
Dodging        | |  2.7
Shapeshifting  | |  3.8

Action                     |  1- 3 |  4- 6 || total
---------------------------+-------+-------++-------
  Melee: Unarmed           |    70 |    45 ||   115
         Constrict         |    19 |    11 ||    30
         Tentacles         |    11 |    11 ||    22
         Punch             |     2 |     1 ||     3
    Use: Scroll            |       |     4 ||     4
         Potion            |       |     2 ||     2
   Stab: Sleeping          |     8 |     4 ||    12
 Armour: Skin              |     7 |     6 ||    13
  Dodge: Dodged            |    39 |    23 ||    62

Table legend: (Time is in decaauts)
 A = Elapsed time spent in this place.
 B = Non-inter-level travel time spent in this place.
 C = Inter-level travel time spent in this place.
 D = Time resting spent in this place.
 E = Time spent auto-exploring this place.
 F = Levels seen in this place.
 G = Mean time per level.
                   A        B        C        D        E       F      G
               +--------+--------+--------+--------+--------+-----+--------+
         Total |   1954 |   1808 |    146 |     78 |   1306 |   4 |  488.5 |
       Dungeon |   1954 |   1808 |    146 |     78 |   1306 |   4 |  488.5 |
               +--------+--------+--------+--------+--------+-----+--------+

Top non-repeatable levels by time:
     D:1: 671 daAuts
     D:2: 653 daAuts
     D:3: 559 daAuts
     D:4: 69 daAuts
